 Dungeon Crawl Stone Soup version 0.30-a0-989-g0d87f670db (webtiles) character file.

Game seed: 9522603695279003385

77251 DeathPants the Carver (level 15, 0/85 HPs)
             Began as a Vine Stalker Gladiator on Apr 2, 2023.
             Was an Initiate of Gozag.
             Collided with a metal wall (9 damage)
             ... caused by a deep elf knight
             ... on level 14 of the Dungeon.
             The game lasted 00:55:00 (18807 turns).

DeathPants the Carver (Vine Stalker Gladiator)     Turns: 18807, Time: 00:55:00

Health: 0/85       AC: 18    Str: 17    XL:     15   Next: 56%
Magic:  0/27       EV: 20    Int: 21    God:    Gozag
Gold:   4702       SH:  0    Dex: 17    Spells: 28/29 levels left

rFire   . . .      SeeInvis .    a - +1 long sword (venom)
rCold   . . .      Faith    .    (no shield)
rNeg    . . .      Spirit   +    E - +0 ring mail of the Accordion {Int+7}
rPois   .          Reflect  .    c - +2 helmet
rElec   .          Rampage  .    v - +2 cloak
rCorr   .                        Q - +1 pair of gloves
Will    +....                    d - +2 pair of boots
Stlth   +                        g - amulet of regeneration
HPRegen 1.94/turn                f - +4 ring of slaying
MPRegen 0.20/turn                o - +5 ring of evasion

@: no status effects
A: fangs 3, regeneration 1, magic shield, antimagic bite, no potion heal 2
a: Renounce Religion, Potion Petition, Call Merchant, Bribe Branch


You were on level 14 of the Dungeon.
You worshipped Gozag.
Gozag was most pleased with you.
You visited 3 branches of the dungeon, and saw 21 of its levels.
You also visited: Sewer.

You collected 5563 gold pieces.
You spent 256 gold pieces at shops.
You paid 605 gold pieces to Gozag.

Inventory:

Hand Weapons
 a - a +1 long sword of venom (weapon)
 b - the +9 sling of Understanding {heavy, rN+}
   (You found it on level 5 of the Dungeon)

   rN:        It protects you from negative energy.
 K - a +2 dagger of venom
 R - a +2 long sword of holy wrath
 S - a +0 rapier of protection
Missiles
 e - a javelin
 t - 49 poisoned darts
 x - 9 boomerangs
Armour
 c - a +2 helmet (worn)
 d - a +2 pair of boots (worn)
 i - a scarf of resistance
 j - a +2 robe of the Archmagi
 v - a +2 cloak (worn)
 E - the +0 ring mail of the Accordion (worn) {Int+7}
   (You acquired it on level 4 of the Lair of Beasts)

   Int:       It affects your intelligence (+7).
 Q - a +1 pair of gloves (worn)
Jewellery
 f - a +4 ring of slaying (left hand)
 g - an amulet of regeneration (around neck)
 o - a +5 ring of evasion (right hand)
 w - a ring of positive energy
 y - a ring of willpower
 U - a +6 ring of dexterity
Wands
 F - a wand of light (11)
 G - a wand of charming (19)
 J - a wand of flame (20)
 L - a wand of digging (7)
 M - a wand of roots (18)
 N - a wand of mindburst (14)
 V - a wand of polymorph (4)
Scrolls
 l - 3 scrolls of magic mapping
 m - 5 scrolls of teleportation
 s - 8 scrolls of fog
 A - a scroll of blinking
 C - a scroll of silence
 D - a scroll of fear
 H - 2 scrolls of enchant weapon
 I - a scroll of brand weapon
 P - 2 scrolls of amnesia {unknown}
 T - 2 scrolls of vulnerability
Potions
 h - 5 potions of lignification
 k - 2 potions of cancellation
 n - 3 potions of resistance
 p - 8 potions of mutation
 q - a potion of haste
 r - 11 potions of curing
 u - 3 potions of magic
 B - 4 potions of brilliance
 O - 3 potions of attraction
Miscellaneous
 z - a lightning rod (4/4)


   Skills:
 + Level 12.7 Fighting
 - Level 14.0 Long Blades
 - Level 2.3 Throwing
 + Level 6.0 Armour
 + Level 8.9 Dodging
 - Level 7.9 Spellcasting
 - Level 11.6 Necromancy


You had 28 spell levels left.
You knew the following spells:

 Your Spells              Type           Power      Damage    Failure   Level
a - Necrotise             Necr           100%       1d9       1%          1

Your spell library contained the following spells:

 Spells                   Type           Power      Damage    Failure   Level
 Tukima's Dance           Hex            8%         N/A       38%         3
 Animate Armour           Summ/Erth      16%        N/A       80%         4
 Passage of Golubria      Tloc           8%         N/A       80%         4
 Petrify                  Tmut/Erth      8%         N/A       80%         4
 Blade Hands              Tmut           4%         N/A       98%         5
 Metabolic Englaciation   Hex/Ice        4%         N/A       98%         5
 Summon Forest            Summ/Tloc      4%         N/A       98%         5
 Summon Mana Viper        Hex/Summ       8%         N/A       98%         5
 Yara's Violent Unravell  Hex/Tmut       4%         3d4       98%         5
 Iron Shot                Conj/Erth      4%         9d2       100%        6
 Statue Form              Tmut/Erth      5%         N/A       100%        6
 Summon Cactus Giant      Summ           4%         N/A       100%        6


Dungeon Overview and Level Annotations

Branches:
Dungeon (15/15)            Temple (1/1) D:6            Lair (5/5) D:11
  Swamp (0/4) Lair:3        Slime (0/5) Lair:5          Orc (0/2) D:10
  Sewer (visited)
  Snake: Lair:2-3    Spider: Lair:2-3    Vaults: D:13-14     Depths: D:15

Altars:
Ashenzari
Cheibriados
Dithmenos
Elyvilon
Fedhas
Gozag
Hepliaklqana
Kikubaaqudgha
Makhleb
Nemelex Xobeh
Okawaru
Qazlal
Ru
Sif Muna
Trog
Uskayaw
Vehumet
Wu Jian
Yredelemnul
Zin
The Shining One

Shops:
D:2 =   D:7 =   D:11 *   Lair:3 (

Portals:
Trove: D:12 (give 16 scrolls of teleportation)

Annotations:
D:4 2 transporters, DeathPants's ghost, amateur VSFi
D:6 3 runed translucent doors, ytrimaz's ghost, novice FoFi
D:7 1 runed translucent door, Zdeegee's ghost, novice SpBr
D:9 3 runed translucent doors, Shard1697's ghost, novice AtFi
Lair:2 1 runed translucent door, pigah's ghost, journeyman OpWn


Innate Abilities, Weirdness & Mutations

You have razor-sharp teeth.
Your natural rate of healing is unusually fast.
When hurt, damage is shared between your health and your magic reserves.
Your bite disrupts and absorbs the magic of your enemies.
Potions cannot restore your health.


Message History

An orc priest comes into view. It is wielding a +0 dagger.
The fire elemental is distracted by your dazzling golden aura.
You hear some strange, mumbled words.
A lance of force appears from out of thin air!
The lance of force hits you!
You are knocked back by the lance of force.
You slam into the metal wall!
Found 15 gold pieces.
The kobold brigand throws a curare-tipped dart.
The curare-tipped dart closely misses you.
The deep elf pyromancer mumbles some strange words.
The deep elf pyromancer blinks!
Things that are here:
7 gold pieces; a +0 short sword; 6 poisoned darts Something barely misses you.
The kobold brigand is distracted by your dazzling golden aura.
Something hits you!
The kobold brigand shouts!
Things that are here:
8 gold pieces; a +0 dagger; a +1 robe of willpower Something closely misses you.
The fire elemental is no longer distracted by gold.
Things that are here:
7 gold pieces; a +0 short sword; 6 poisoned darts Something hits you!
The deep elf zephyrmancer gestures wildly while chanting.
The deep elf zephyrmancer blinks!
Something barely misses you. Something hits you!
* * * LOW HITPOINT WARNING * * *
The kobold brigand throws a curare-tipped dart.
The curare-tipped dart barely misses you.
You miss something.
You hear some strange, mumbled words.
A lance of force appears from out of thin air!
The lance of force hits you!!
* * * LOW HITPOINT WARNING * * *
You are knocked back by the lance of force.
You slam into the metal wall!
You die...
Your body crumbles into a pile of gold.

##.#..#.######.####.# #.##..
...............# #.###^#...
....☼.........#####.##..<...
##.#..#o#####........#....##
......c○e.#.#.......!#....#
##.#..#○##$$#........#....#
# #..#.#K#{###...........# $
#. ##.#$.# #...........# #.
#....@# #.......#.#.# #
#########.......#.#.#
#.........###.#.#
###########.######..# #.#.#
#.......)...........###.#.#
#.#########.######....#.#.#
#.# #.#....)......#^# #.#
#.#.######.####.# #.# #.#.#
#.#


You could see a kobold brigand.

Vanquished Creatures
  Frances (D:13)
  Josephine (D:11)
  A vault guard (D:12)
  A catoblepas (Lair:4)
  5 hydras
  An ogre mage (D:14)
  2 centaur warriors
  2 boulder beetles
  14 death yaks
  8 two-headed ogres
  Amaemon (Lair:1)
  A skyshark (Lair:5)
  A skeletal warrior (D:14)
  A wizard (D:14)
  A wolf spider (Lair:5)
  6 ugly things
  A salamander (shapeshifter) (D:13)
  3 manticores
  A cyclops (D:11)
  A guardian serpent (Lair:5)
  24 elephants
  An orange demon (Lair:1)
  A torpor snail (Lair:4)
  9 black mambas
  18 cane toads
  2 gargoyles (D:11)
  A kobold demonologist (D:14)
  4 unseen horrors
  2 rime drakes (Lair:4)
  A komodo dragon (shapeshifter) (D:10)
  12 komodo dragons
  A troll (D:9)
  2 polar bears
  19 blink frogs
  4 hornets
  4 dream sheep
  4 slime creatures (D:12)
  12 wyverns
  A water elemental (D:14)
  A vampire (D:14)
  7 wraiths
  A basilisk (Lair:1)
  59 yaks
  2 redbacks (Lair:5)
  2 steam dragons
  2 acid dragons
  24 water moccasins
  Pargi (Sewer)
  4 orc warriors
  3 swamp drakes (Lair:4)
  2 black bears
  2 ice beasts
  A sky beast (D:6)
  4 boggarts (D:14)
  2 ogres (D:14)
  11 wolves
  4 centaurs
  6 kobold brigands
  2 scorpions
  2 gnoll sergeants
  14 bullfrogs
  2 howler monkeys
  An electric eel (D:14)
  3 jellies
  An orc priest (D:3)
  A hound (D:6)
  Crazy Yiuf (D:3)
  A sleepcap (D:5)
  2 iguanas
  5 orc wizards
  4 hell rats (Lair:3)
  8 gnolls
  10 adders
  2 river rats (D:5)
  3 shadow imps
  3 white imps
  A worm (D:2)
  A dart slug (D:2)
  21 orcs
  7 bats
  A bat zombie (D:13)
  6 endoplasms
  6 giant cockroaches
  8 goblins
  6 hobgoblins
  10 jackals
  2 quokkas
  3 ball pythons
  3 frilled lizards
  18 kobolds
  5 rats
  A rat zombie (D:13)
477 creatures vanquished.

Vanquished Creatures (others)
  A quokka (D:4)
  3 kobolds (D:9)
  2 bushes
  41 fungi
  71 plants
  2 withered plants (D:7)
120 creatures vanquished.

Grand Total: 597 creatures vanquished

Notes
Turn   | Place    | Note
-------+----------+-------------------------------------------
     0 | D:1      | DeathPants the Vine Stalker Gladiator began the quest for
                  | the Orb.
     0 | D:1      | Reached XP level 1. HP: 11/11 MP: 2/2
   150 | D:1      | Reached XP level 2. HP: 15/15 MP: 3/3
   354 | D:1      | Reached skill level 3 in Long Blades
   466 | D:1      | Reached XP level 3. HP: 18/18 MP: 4/4
  1022 | D:2      | Found Useuplus's Jewellery Boutique.
  1128 | D:2      | Reached skill level 1 in Armour
  1128 | D:2      | Gained mutation: Your natural rate of healing is unusually
                  | fast. [Vine Stalker growth]
  1128 | D:2      | Reached XP level 4. HP: 19/23 MP: 3/5
  2019 | D:3      | Found a glowing golden altar of the Shining One.
  2159 | D:3      | Found a faded altar of an unknown god.
  2169 | D:3      | Got Plato's Directory of Profane Rites
  2178 | D:3      | Learned a level 1 spell: Necrotise
  2360 | D:3      | Found a sacrificial altar of Ru.
  2376 | D:3      | Reached XP level 5. HP: 27/27 MP: 4/6
  2623 | D:3      | Found a runed translucent door.
  2624 | D:3      | Noticed Crazy Yiuf
  2632 | D:3      | Killed Crazy Yiuf
  2827 | D:4      | Found a white marble altar of Elyvilon.
  2844 | D:4      | Reached skill level 1 in Necromancy
  2868 | D:4      | Reached skill level 1 in Spellcasting
  2902 | D:5      | Entered Level 5 of the Dungeon
  2921 | D:5      | Reached skill level 4 in Long Blades
  2921 | D:5      | Reached XP level 6. HP: 32/32 MP: 5/8
  3032 | D:5      | Identified the +9 sling of Understanding {heavy, rN+}
  3366 | D:5      | Found a glowing drain.
  3372 | Sewer    | Entered a sewer
  3532 | Sewer    | Noticed Pargi
  3538 | Sewer    | Killed Pargi
  3539 | Sewer    | Reached XP level 7. HP: 30/36 MP: 4/11
  3828 | D:4      | Found a transporter.
  3863 | D:4      | Noticed DeathPants's ghost (amateur VSFi)
  3874 | D:4      | Found a transporter.
  3997 | D:4      | Reached skill level 5 in Long Blades
  4758 | D:6      | You fall into a shaft and drop 1 floor!
  4846 | D:6      | Gained mutation: You have razor-sharp teeth. [Vine Stalker
                  | growth]
  4846 | D:6      | Reached XP level 8. HP: 35/42 MP: 8/13
  4969 | D:6      | Found a stormy altar of Qazlal.
  4971 | D:6      | Identified the +2 ring mail "Xousopus" {Int+5}
  5004 | D:6      | Identified the +0 robe "Qengumpu" {Rampage}
  5108 | D:6      | Found a hazy altar of Hepliaklqana.
  5165 | D:6      | Noticed a wyvern
  5175 | D:6      | Killed a wyvern
  5176 | D:6      | Reached skill level 6 in Long Blades
  5220 | D:6      | Found an ancient bone altar of Kikubaaqudgha.
  5229 | D:6      | Found a staircase to the Ecumenical Temple.
  5239 | Temple   | Entered the Ecumenical Temple
  5362 | Temple   | Became a worshipper of Gozag Ym Sagoz the Greedy
  5677 | D:6      | Found a runed translucent gate.
  5677 | D:6      | Found a runed translucent gate.
  5678 | D:6      | Found a runed translucent gate.
  5683 | D:6      | Noticed ytrimaz's ghost (novice FoFi)
  5705 | D:7      | Noticed a two-headed ogre
  5709 | D:7      | Noticed a hornet
  5713 | D:7      | Killed a two-headed ogre
  5714 | D:7      | Reached skill level 7 in Long Blades
  5714 | D:7      | Reached XP level 9. HP: 17/46 MP: 4/16
  5718 | D:7      | Killed a hornet
  5719 | D:7      | Reached skill level 5 in Fighting
  5757 | D:7      | Found a runed translucent door.
  5762 | D:7      | Noticed Zdeegee's ghost (novice SpBr)
  5926 | D:7      | Found a bloodstained altar of Trog.
  5926 | D:7      | Found a shadowy altar of Dithmenos.
  5929 | D:7      | Found Tesha's Jewellery Emporium.
  6056 | D:7      | Identified the +0 spear of Wieciesi {venom, Will+ Str+3}
  6103 | D:7      | Reached skill level 5 in Spellcasting
  6103 | D:7      | Reached skill level 5 in Necromancy
  6313 | D:9      | Reached skill level 8 in Long Blades
  6387 | D:9      | Reached XP level 10. HP: 53/53 MP: 18/18
  6446 | D:9      | Reached skill level 9 in Long Blades
  6509 | D:10     | Entered Level 10 of the Dungeon
  6632 | D:9      | Noticed a two-headed ogre
  6639 | D:9      | Killed a two-headed ogre
  6710 | D:8      | Reached skill level 10 in Long Blades
  7599 | D:9      | Noticed a two-headed ogre
  7612 | D:9      | Killed a two-headed ogre
  7613 | D:9      | Reached XP level 11. HP: 58/58 MP: 19/19
  7868 | D:9      | Found a snail-covered altar of Cheibriados.
  7869 | D:9      | Found a hide-covered altar of Uskayaw.
  7924 | D:9      | Found a runed translucent gate.
  7924 | D:9      | Found a runed translucent gate.
  7924 | D:9      | Found a runed translucent gate.
  7924 | D:9      | Noticed Shard1697's ghost (novice AtFi)
  8289 | D:10     | Noticed a centaur warrior
  8298 | D:10     | Killed a centaur warrior
  8435 | D:11     | Noticed a cyclops
  8446 | D:11     | Killed a cyclops
  8620 | D:10     | Found a staircase to the Orcish Mines.
  8702 | D:10     | Noticed a brown ugly thing
  8714 | D:10     | Killed a brown ugly thing
  8977 | D:10     | Noticed a two-headed ogre
  8981 | D:10     | Killed a two-headed ogre
  9100 | D:10     | Reached skill level 11 in Long Blades
  9639 | D:12     | Noticed Josephine
  9651 | D:11     | Killed Josephine
  9699 | D:11     | Found Zin's Purification Station.
  9700 | D:11     | Found a glowing silver altar of Zin.
  9719 | D:11     | Noticed a death yak
  9727 | D:11     | Noticed a two-headed ogre
  9728 | D:11     | Noticed a death yak
  9729 | D:11     | Noticed a death yak
  9749 | D:11     | Killed a death yak
  9763 | D:11     | Killed a death yak
  9764 | D:11     | Reached XP level 12. HP: 49/65 MP: 16/20
  9776 | D:11     | Killed a death yak
  9777 | D:11     | Reached skill level 5 in Dodging
  9796 | D:11     | Killed a two-headed ogre
  9797 | D:11     | Reached skill level 12 in Long Blades
  9869 | D:11     | Found a staircase to the Lair.
  9926 | D:11     | Noticed a boulder beetle
  9939 | D:11     | Killed a boulder beetle
 10813 | D:12     | Noticed a vault guard
 10821 | D:12     | Killed a vault guard
 10829 | D:12     | Found a portal to a secret trove of treasure.
 10941 | Lair:1   | Entered Level 1 of the Lair of Beasts
 11377 | Lair:2   | Noticed pigah's ghost (journeyman OpWn)
 11377 | Lair:2   | Found a runed translucent door.
 11466 | Lair:1   | Reached skill level 13 in Long Blades
 11523 | Lair:1   | Reached XP level 13. HP: 54/70 MP: 19/21
 11529 | Lair:1   | Noticed Amaemon
 11550 | Lair:1   | Killed Amaemon
 12021 | Lair:2   | Reached skill level 10 in Necromancy
 13087 | Lair:3   | Bought a runed long sword for 123 gold pieces
 13087 | Lair:3   | Bought a glowing rapier for 133 gold pieces
 13123 | Lair:3   | Reached skill level 10 in Fighting
 13145 | Lair:3   | Reached skill level 14 in Long Blades
 13364 | Lair:3   | Found a staircase to the Swamp.
 13857 | Lair:4   | Identified a scroll of acquirement
 13857 | Lair:4   | Acquired the +0 ring mail of the Accordion {Int+7}
 13873 | Lair:5   | Entered Level 5 of the Lair of Beasts
 14028 | Lair:4   | Reached XP level 14. HP: 64/77 MP: 19/25
 16339 | Lair:5   | Reached XP level 15. HP: 84/84 MP: 27/27
 16802 | Lair:5   | Found a staircase to the Slime Pits.
 17064 | Lair:5   | Reached skill level 5 in Armour
 17746 | D:13     | Noticed Frances
 17784 | D:13     | Killed Frances
 18098 | D:13     | Found an ancient bone altar of Kikubaaqudgha.
 18584 | D:15     | Entered Level 15 of the Dungeon
 18807 | D:14     | Collided with a metal wall

Illustrated notes

Levels and vault maps discovered:
D:1:      psy_arrival_spokes, layout_basic
D:2:      layout_loops_corners, serial_shops, nicolae_shop_behind_doors,
          hangedman_decor_opposing, dreamdust_princess_bridge
D:3:      layout_basic, tso_oasis_becter, mainiacjoe_overflow_boulevard,
          shapermc_ecumenical_altar_rom_forum, kennysheep_small_spiral,
          uniq_crazy_yiuf_cottage
D:4:      layout_basic, elyvilon_altar_4, gammafunk_ghost_smash
D:5:      layout_cave_pools, lightli_sewer_entry_pipes
D:6:      layout_loops_ring, mainiacjoe_overflow_cross_hatched,
          mainiacjoe_overflow_alcove_2, grunt_qazlal_clouds,
          minmay_temple_entry_statues_pillars, ebering_ghost_rock_garden
D:7:      layout_cave_pools, chequers_temple_overflow_statue_of_worship,
          gammafunk_ghost_grave, serial_shops, shop
D:8:      layout_basic, serial_co_window_serial, co_window_of_opportunity_a,
          co_window_cross_1, co_window_paths_a, co_window_paths_a,
          co_window_corner_a, co_window_broadway_c, co_window_of_opportunity_b,
          co_window_unsneaky_path_e, co_window_broadway_b, co_window_4corner_b,
          glass_columns_c, glass_columns_b, glass_columns_b, glass_columns_b
D:9:      layout_basic, nicolae_overflow_hidden_temple,
          biasface_ghost_orc_armoury
D:10:     layout_loops_ring, orc_0_dummy, kennysheep_generic_room_3
D:11:     layout_long_grid, dpeg_lair_monsters, zin_purify
D:12:     layout_gridville, enter_trove_5, uniq_josephine
D:13:     layout_basic, lemuel_zombie_altar_kikubaaqudgha, uniq_frances
D:14:     gammafunk_worm_tunnel, layout_basic,
          hangedman_vaults_entry_quadrant_bands, hangedman_decor_slide_cut
D:15:     grunt_enter_depths_magical_seal, layout_rooms, minivault_26,
          argonaut_gorgonesque
Temple:   nicolae_temple_slightly_damp_pantheon
Lair:1:   layout_cave_pods, uniq_amaemon
Lair:2:   layout_hall_layers, hellmonk_ghost_happy_afterlife
Lair:3:   layout_roguey, minmay_swamp_entry_worms,
          nicolae_snake_entry_warm_welcome
Lair:4:   nzn_winding_woodlands_medium [nzn_winding_woodlands_5x5_closed_star,
          nzn_winding_woodlands_5x15_zeroes, nzn_winding_woodlands_5x5_three,
          nzn_winding_woodlands_5x5_cross, nzn_winding_woodlands_center_garden,
          nzn_winding_woodlands_5x5_perimeter,
          nzn_winding_woodlands_5x5_checkerboard,
          nzn_winding_woodlands_5x15_parted, nzn_winding_woodlands_hourglass],
          layout_long_grid, guppyfry_lair_drakes
Lair:5:   hangedman_lair_tendril_chambers, layout_gridlike, slime_entry_1,
          chequers_serial_rivers_micro_d, grunt_megastairs_5, lemuel_fruit_tree

Skill      XL: |  1  2  3  4  5  6  7  8  9 10 11 12 13 14 15 |
---------------+----------------------------------------------+-----
Fighting       | 2 3 4 6 7 8 9 10 12 | 12.7
Throwing       | 2 |  2.3
Long Blades    | 3 4 5 7 8 10 11 13 14 | 14.0
Armour         | 1 4 6 |  6.0
Necromancy     | 1 2 3 4 5 7 8 9 11 | 11.6
Spellcasting   | 1 2 3 4 5 6 7 |  7.9
Dodging        | 3 4 6 7 8 |  8.9

Action                     |  1- 3 |  4- 6 |  7- 9 | 10-12 | 13-15 || total
---------------------------+-------+-------+-------+-------+-------++-------
  Melee: Long sword        |    90 |    72 |    73 |   505 |  1060 ||  1800
         Bite              |    21 |    16 |    24 |   206 |   527 ||   794
         Punch             |     1 |     2 |       |    11 |    19 ||    33
         Rapier            |       |       |       |       |    47 ||    47
   Fire: Sling             |       |    42 |    57 |     7 |     3 ||   109
  Throw: Throwing net      |       |       |       |     4 |       ||     4
         Boomerang         |       |       |       |     2 |       ||     2
         Javelin           |       |       |       |     1 |       ||     1
   Cast: Necrotise         |       |       |     7 |       |     4 ||    11
 Invoke: Call Merchant     |       |       |       |       |     1 ||     1
  Evoke: Wand              |       |       |       |     1 |     2 ||     3
         Lightning rod     |       |       |       |       |     3 ||     3
    Use: Scroll            |       |    15 |     7 |     5 |    12 ||    39
         Potion            |       |       |       |     2 |     9 ||    11
   Stab: Sleeping          |     1 |     1 |       |       |       ||     2
         Held in net/web   |       |       |       |     2 |       ||     2
         Invisible         |       |       |       |     1 |     7 ||     8
         Distracted        |       |       |       |       |     6 ||     6
 Armour: Leather armour    |    32 |    38 |    17 |       |       ||    87
         Ring mail         |       |       |    33 |   199 |   429 ||   661
  Dodge: Dodged            |    74 |    71 |   107 |   403 |  1237 ||  1892

Table legend: (Time is in decaauts)
 A = Elapsed time spent in this place.
 B = Non-inter-level travel time spent in this place.
 C = Inter-level travel time spent in this place.
 D = Time resting spent in this place.
 E = Time spent auto-exploring this place.
 F = Levels seen in this place.
 G = Mean time per level.
                   A        B        C        D        E       F      G
               +--------+--------+--------+--------+--------+-----+--------+
         Total |  18613 |  17782 |    831 |    816 |  11872 |  22 |  846.0 |
       Dungeon |  12062 |  11474 |    588 |    443 |   8012 |  15 |  804.1 |
        Temple |    137 |    124 |     13 |      0 |    106 |   1 |  137.0 |
          Lair |   6157 |   5928 |    229 |    373 |   3676 |   5 | 1231.4 |
         Sewer |    255 |    255 |      0 |      0 |     78 |   1 |  255.0 |
               +--------+--------+--------+--------+--------+-----+--------+

Top non-repeatable levels by time:
  Lair:4: 1998 daAuts
  Lair:5: 1340 daAuts
     D:2: 1154 daAuts
    D:11: 1110 daAuts
     D:9: 1104 daAuts
    D:10: 1088 daAuts
     D:6: 1024 daAuts
  Lair:1: 1020 daAuts
  Lair:3: 997 daAuts
     D:5: 915 daAuts
     D:8: 883 daAuts
     D:1: 872 daAuts
    D:13: 869 daAuts
     D:3: 816 daAuts
  Lair:2: 800 daAuts
